cohdb
Replays
Latest Replays
All Replays
Popular Replays
Top Player Replays
Match Explorer
How It Works
Community
CoH3 Stats
Reddit
Sign in to upload your games and track your stats! →
Sign in with Steam
Match 45848950
Unlisted
Match 45848950
Overview
Messages
Build Orders
End
Royal Engineer Section
Royal Engineer Section
Vickers Machine Gun Team
Construct Section Command Post
Infantry Section
Construct Field Infirmary
Construct Platoon Command Post
ML 3-inch Mortar Team
Humber Armored Car
Selects Heavy Armor Battlegroup
Selects Engineer Detachments
Humber Armored Car
Humber Armored Car
Light Vehicle Training
Infantry Section
Construct Company Command Post
6-pounder Anti-tank Gun Team
Crusader II Medium Tank
Crusader II Medium Tank
6-pounder Anti-tank Gun Team
Selects Light Vehicle Withdraw and Refit
Selects Radio Net
Selects Designate Targets
Designate Targets
Crusader II Medium Tank
Foot Guards Section
Selects Forward Repair Assembly
Selects UNKNOWN (2162094)
Crusader II Medium Tank
Designate Targets
Designate Targets
Nostalgi@
Callsign: "Clowndog Zulu"
0
0
Comments
sign in to comment!
No comments posted yet!